 Dungeon Crawl Stone Soup version 0.23-a0-358-g98c7a59 (webtiles) character file.

2836 galech the Cleaver (level 9, -3/69 HPs)
             Began as a Demonspawn Fighter on Oct 22, 2018.
             Was a Believer of Okawaru.
             Slain by a slime creature (16 damage)
             ... on level 7 of the Dungeon.
             The game lasted 00:09:29 (6516 turns).

galech the Cleaver (Demonspawn Fighter)             Turns: 6516, Time: 00:09:29

Health: -3/69      AC: 12    Str: 17    XL:     9   Next: 45%
Magic:  8/9        EV:  7    Int:  9    God:    Okawaru [**....]
Gold:   399        SH: 10    Dex: 16    Spells: 8/8 levels left

rFire    . . .     SeeInvis .   a - +0 war axe
rCold    + . .     Gourm    .   c - +0 shield
rNeg     . . .     Faith    .   B - +0 plate armour
rPois    +         Spirit   .   (no helmet)
rElec    .         Reflect  .   (no cloak)
rCorr    .         Harm     .   (no gloves)
MR       .....                  (boots unavailable)
Stlth    ..........             q - amulet of the acrobat
HPRegen  0.21/turn              j - ring of protection from cold
MPRegen  0.11/turn              s - ring of poison resistance

@: no status effects
A: talons 3, sturdy frame 3
a: Heroism, Renounce Religion


You were on level 7 of the Dungeon.
You worshipped Okawaru.
Okawaru was pleased with you.
You were not hungry.

You visited 2 branches of the dungeon, and saw 8 of its levels.
You also visited: Sewer.

You collected 399 gold pieces.

Inventory:

Hand Weapons
 a - a +0 war axe (weapon)
Armour
 c - a +0 shield (worn)
 B - a +0 plate armour (worn)
Jewellery
 j - a ring of protection from cold (left hand)
 n - an uncursed ring of positive energy
 q - an amulet of the acrobat (around neck)
 s - a ring of poison resistance (right hand)
 v - a +2 ring of dexterity
Wands
 p - a wand of acid (14)
 r - a wand of polymorph (22)
 w - a wand of iceblast (24)
Scrolls
 e - 4 scrolls of immolation
 g - a scroll of fog {unknown}
 h - a scroll of magic mapping
 k - 6 scrolls of teleportation
 l - 2 scrolls of remove curse
 o - 3 scrolls of identify {unknown}
 x - a scroll of enchant weapon {unknown}
 y - a scroll of enchant armour {unknown}
 C - a scroll of noise {unknown}
Potions
 d - 2 potions of flight {unknown}
 i - 5 potions of curing {unknown}
 m - 4 potions of heal wounds {unknown}
 t - a potion of agility
 u - a potion of mutation {unknown}
 z - a potion of might
 A - 2 potions of lignification {unknown}
Comestibles
 b - 10 chunks of flesh
 f - 12 rations


   Skills:
 + Level 6.2 Fighting
 + Level 8.4 Axes
 + Level 5.0 Armour
 + Level 2.3 Dodging
 + Level 0.7 Stealth
 + Level 5.6 Shields


You had 8 spell levels left.
You didn't know any spells.
Your spell library was empty.

Dungeon Overview and Level Annotations

Branches:
Dungeon (7/15)             Temple (1/1) D:5

Altars:
Ashenzari
Cheibriados
Dithmenos
Gozag
Kikubaaqudgha
Makhleb
Nemelex Xobeh
Okawaru
Qazlal
Ru
Sif Muna
Trog
Vehumet
Wu Jian
Xom
Yredelemnul
Zin
The Shining One


Innate Abilities, Weirdness & Mutations

You have claws for feet.
Your movements are significantly less encumbered by armour. (ER -6)


Message History

You claw the slime creature, but do no damage.
The slime creature is severely wounded.
The slime creature closely misses you.
You hit the slime creature. You claw the slime creature.
The slime creature is severely wounded.
The ooze jiggles.
You hit the slime creature.
You claw the slime creature, but do no damage.
The slime creature is severely wounded.
The slime creature hits you.
* * * LOW HITPOINT WARNING * * *
Your shield and plate armour prevent you from hitting the slime creature.
You claw the slime creature.
The slime creature is severely wounded.
You feel like a meek peon again. You block the slime creature's attack.
You slash the slime creature!
The slime creature is almost dead.
The slime creature hits you!
You die...

#.#...........#
#.#.....#######
#.#.....#
#....)..# #####
###.....# #...
#.)J).# ###.#
###J#######...#
#J# #.....#.######
#@###.###.#.##....
#(....# #.#.##.###
####### #.#..#.#
#รท#....#
#.#..#####
#....#....
###.##.### #.# #.#


You could see a slime creature, a jelly and an ooze.

Vanquished Creatures
  Pikel (D:6)
  Eustachio (D:6)
  An orc warrior (D:6)
  A sky beast (D:6)
  4 slaves (D:6)
  5 ogres
  3 phantoms
  2 centaurs (D:5)
  5 big kobolds
  2 scorpions
  A water moccasin skeleton (D:7)
  A crimson imp (D:6)
  A centaur zombie (D:7)
  2 bullfrog zombies
  A hound (D:5)
  An orc priest (D:3)
  2 jellies (D:6)
  A gnoll shaman (D:7)
  2 orc wizards (D:7)
  2 worker ants (D:6)
  A hound skeleton (D:7)
  8 adders
  8 gnolls
  A river rat (Sewer)
  4 shadow imps
  An ooze (D:2)
  An adder skeleton (D:4)
  3 worms
  2 dart slugs
  4 leopard geckos
  22 orcs
  2 ball pythons (D:1)
  3 giant cockroaches
  9 goblins
  13 hobgoblins
  5 jackals
  27 kobolds
  2 quokkas (D:3)
  12 bats
  7 frilled lizards
  2 jackal skeletons
  A leopard gecko skeleton (D:5)
  A quokka skeleton (D:4)
  12 rats
190 creatures vanquished.

Vanquished Creatures (others)
  2 fungi (D:7)
  13 toadstools
15 creatures vanquished.

Grand Total: 205 creatures vanquished

Notes
Turn   | Place    | Note
-------+----------+-------------------------------------------
     0 | D:1      | galech the Demonspawn Fighter began the quest for the Orb.
     0 | D:1      | Reached XP level 1. HP: 18/18 MP: 1/1
    98 | D:1      | Gained mutation: Your movements are slightly less
                  | encumbered by armour. (ER -2) [demonic ancestry]
    98 | D:1      | Reached XP level 2. HP: 22/24 MP: 2/2
   212 | D:1      | Reached skill level 2 in Axes
   550 | D:2      | Gained mutation: Your movements are less encumbered by
                  | armour. (ER -4) [demonic ancestry]
   550 | D:2      | Reached XP level 3. HP: 22/29 MP: 3/3
   911 | D:2      | Found a basalt altar of Yredelemnul.
  1073 | D:2      | Found a shattered altar of Ashenzari.
  1140 | D:2      | Gained mutation: You have sharp toenails. [demonic
                  | ancestry]
  1140 | D:2      | Reached XP level 4. HP: 35/35 MP: 4/4
  1721 | D:3      | Reached skill level 3 in Axes
  1912 | D:3      | Reached XP level 5. HP: 42/42 MP: 5/5
  2289 | D:4      | Found a sacrificial altar of Ru.
  2353 | D:4      | Found a glowing drain.
  2381 | Sewer    | Entered a sewer
  2605 | Sewer    | Reached XP level 6. HP: 44/48 MP: 6/6
  2634 | Sewer    | Found a white marble altar of Elyvilon.
  2806 | D:4      | Reached skill level 4 in Axes
  2823 | D:4      | Found a radiant altar of Vehumet.
  2914 | D:4      | Found a shadowy altar of Dithmenos.
  3003 | D:4      | Found a stormy altar of Qazlal.
  3316 | D:5      | Entered Level 5 of the Dungeon
  3344 | D:5      | Found a staircase to the Ecumenical Temple.
  3349 | Temple   | Entered the Ecumenical Temple
  3361 | Temple   | Became a worshipper of Warmaster Okawaru
  3426 | D:5      | Reached skill level 1 in Dodging
  3426 | D:5      | Gained mutation: You have razor-sharp toenails. [demonic
                  | ancestry]
  3426 | D:5      | Reached XP level 7. HP: 36/55 MP: 7/7
  3628 | D:5      | Reached skill level 5 in Axes
  3806 | D:5      | Found a bloodstained altar of Trog.
  4208 | D:6      | Noticed Eustachio
  4214 | D:6      | Killed Eustachio
  4214 | D:6      | Reached * piety under Okawaru
  4214 | D:6      | Reached skill level 5 in Fighting
  4214 | D:6      | Gained mutation: Your movements are significantly less
                  | encumbered by armour. (ER -6) [demonic ancestry]
  4214 | D:6      | Reached XP level 8. HP: 59/62 MP: 8/8
  4238 | D:6      | Reached skill level 6 in Axes
  4435 | D:6      | Noticed Pikel
  4457 | D:6      | Killed Pikel
  4457 | D:6      | Reached skill level 7 in Axes
  4691 | D:6      | Reached ** piety under Okawaru
  4691 | D:6      | Reached skill level 5 in Shields
  5126 | D:6      | Gained mutation: You have claws for feet. [demonic
                  | ancestry]
  5126 | D:6      | Reached XP level 9. HP: 55/69 MP: 9/9
  6267 | D:7      | Reached skill level 8 in Axes
  6327 | D:7      | Reached skill level 5 in Armour
  6516 | D:7      | Slain by a slime creature

Vault maps used:
D:1:      ldierk_walled_garden, minmay_pentomino_r2
D:2:      lemuel_coloured_pillars_altar, marbit_many_paths, first_ration,
          kennysheep_generic_room_15
D:3:      kennysheep_generic_room_5
D:4:      nicolae_qazlal_eye_of_the_storm, nicolae_dithmenos_the_darkroom,
          kennysheep_mini, cheibrodos_sewer_entry_bend, nicolae_ru_path_of_blood
D:5:      lightli_temple_of_fire, temple_statues
D:6:      cheibrodos_thug_alley, uniq_pikel, uniq_eustachio
D:7:      cheibrodos_fertilizer
Temple:   lightli_temple_of_artemis
Sewer:    sewer_kobolds

Skill      XL: |  1  2  3  4  5  6  7  8  9 |
---------------+----------------------------+-----
Axes           | 2 3 4 5 7 8 |  8.4
Armour         | 3 4 5 |  5.0
Shields        | 3 4 5 |  5.6
Fighting       | 4 5 6 |  6.2
Dodging        | 1 2 |  2.3
Stealth        | |  0.7

Action                   |  1- 3 |  4- 6 |  7- 9 || total
-------------------------+-------+-------+-------++-------
Melee: War axe           |   128 |   208 |   278 ||   614
       Kick              |       |    47 |    86 ||   133
Invok: Heroism           |       |       |     2 ||     2
  Use: Scroll            |       |     4 |     2 ||     6
       Potion            |       |     1 |       ||     1
  Eat: Chunk             |     1 |     7 |     8 ||    16
       Ration            |       |       |     1 ||     1
Armor: Scale mail        |    91 |    76 |    30 ||   197
       Plate armour      |       |       |    64 ||    64
Dodge: Dodged            |    36 |   117 |   114 ||   267
Block: Shield            |    74 |   117 |   134 ||   325

Table legend:
 A = Non-vault XP
 B = Vault XP
 C = Vault XP percentage of total XP
 D = Non-vault monster count
 E = Vault monster count
 F = Vault count percentage of total count
                 A         B        C        D         E       F
            +---------+---------+-------+---------+---------+-------
      Total |    2764 |    1288 |  31.8 |     150 |      36 |  19.4
            +---------+---------+-------+---------+---------+-------
        D:1 |      32 |       3 |   8.6 |      20 |       2 |   9.1
        D:2 |      59 |       3 |   4.8 |      17 |       2 |  10.5
        D:3 |     180 |       6 |   3.2 |      39 |       2 |   4.9
        D:4 |     252 |       5 |   1.9 |       6 |       1 |  14.3
        D:5 |     595 |       0 |   0.0 |      11 |       0 |   0.0
        D:6 |     733 |     946 |  56.3 |      22 |       9 |  29.0
        D:7 |     913 |     199 |  17.9 |      35 |       7 |  16.7
      Sewer |       0 |     126 | 100.0 |       0 |      13 | 100.0
            +---------+---------+-------+---------+---------+-------
